 Dungeon Crawl Stone Soup version 0.23-a0-629-gae4348f (webtiles) character file.

2321 Darkshadow the Basher (level 9, -3/81 HPs)
             Began as a Minotaur Berserker on Dec 25, 2018.
             Was an Elder of Trog.
             Slain by a centaur (4 damage)
             ... on level 7 of the Dungeon.
             The game lasted 00:16:43 (6494 turns).

Darkshadow the Basher (Minotaur Berserker)          Turns: 6494, Time: 00:16:44

Health: -3/81      AC: 14    Str: 22    XL:     9   Next: 19%
Magic:  8/8        EV:  4    Int:  8    God:    Trog [****..]
Gold:   306        SH:  0    Dex: 13    Spells: 8/8 levels left

rFire    . . .     SeeInvis .   a - +0 mace
rCold    . . .     Gourm    .   (no shield)
rNeg     . . .     Faith    .   j - +1 plate armour
rPois    .         Spirit   .   (helmet restricted)
rElec    .         Reflect  .   (no cloak)
rCorr    .         Harm     .   (no gloves)
MR       +....                  (no boots)
Stlth    ..........             (no amulet)
HPRegen  0.23/turn              o - ring of protection from magic
MPRegen  0.11/turn              k - +4 ring of intelligence

@: marked, berserk cooldown, held
A: retaliatory headbutt, horns 2
a: Berserk, Trog's Hand, Brothers in Arms, Renounce Religion


You were on level 7 of the Dungeon.
You worshipped Trog.
Trog was greatly pleased with you.
You were near starving.

You visited 1 branch of the dungeon, and saw 7 of its levels.
You also visited: Ossuary.

You collected 306 gold pieces.

Inventory:

Hand Weapons
 a - a +0 mace (weapon)
Missiles
 d - 257 stones (quivered)
Armour
 j - a +1 plate armour (worn)
 p - a +0 chain mail
Jewellery
 k - a +4 ring of intelligence (right hand)
 o - a ring of protection from magic (left hand)
Scrolls
 b - a scroll of enchant weapon {unknown}
 e - 2 scrolls of remove curse {unknown}
 f - 2 scrolls of identify {@r1}
 g - 2 scrolls of enchant armour
 q - 3 scrolls of fog {unknown}
 s - a scroll of fear {unknown}
 v - a scroll of immolation {unknown}
 w - a scroll of silence {unknown}
 x - a scroll of teleportation {unknown}
Potions
 h - 3 potions of haste
 i - a potion of magic {unknown}
 l - 2 potions of brilliance
 m - 5 potions of curing {@q1}
 n - a potion of heal wounds
 r - 2 potions of resistance {unknown}
 t - a potion of cancellation {unknown}
 u - 3 potions of lignification {unknown}
Comestibles
 c - 12 rations


   Skills:
 + Level 8.2 Fighting
 * Level 10.8 Maces & Flails
 + Level 7.7 Armour
 - Level 2.4 Dodging


You had 8 spell levels left.
You didn't know any spells.
Your spell library was empty.

Dungeon Overview and Level Annotations

Branches:
Dungeon (7/15)             Temple (0/1) D:4

Altars:
Ashenzari
Nemelex Xobeh
Qazlal
Wu Jian
Zin

Shops:
D:5 ?

Annotations:
D:7 Harold


Innate Abilities, Weirdness & Mutations

You reflexively headbutt those who attack you in melee.
You have a pair of horns on your head.


Message History

The centaur shoots an arrow.
The arrow hits you.
* * * LOW HITPOINT WARNING * * *
Harold throws a throwing net.
The throwing net hits you.
You become entangled in the net!
Your ogre closely misses the centaur.
The centaur shoots an arrow.
The arrow hits you.
* * * LOW HITPOINT WARNING * * *
Things that are here:
a throwing net; 2 arrows You struggle against the net.
The centaur shoots an arrow.
The arrow hits you.
* * * LOW HITPOINT WARNING * * *
Your ogre hits the centaur with a +0 giant club.
You struggle against the net.
You feel yourself speed up.
Your ogre hits the centaur with a +0 giant club.
Harold hits you with a +0 war axe.
* * * LOW HITPOINT WARNING * * *
Harold hits your ogre with a +0 war axe!
Your ogre closely misses Harold.
The centaur unwields a +0 shortbow.
The centaur hits you.
You die...

#.#......#.......
#>...............
#.#####.......... #.#
#..........
########.#####..........
........)(.†.c..........
......O†)#####..........
.......@c# #......?...
.......@.# #..........
...####### #.......... .
#...........
.............
.............
...##........ #........
#........ #........


You could see Harold, a centaur and a friendly ogre (berserk).

Vanquished Creatures
  A hippogriff (D:7)
  A phantom (D:5)
  2 ogres
  2 centaurs
  A bullfrog (D:6)
  4 elf zombies (Ossuary)
  A gnoll sergeant (D:6)
  2 scorpions
  3 crimson imps
  4 human zombies (Ossuary)
  2 bullfrog zombies
  5 centaur zombies
  A centaur skeleton (D:4)
  2 jellies
  3 orc priests
  2 hounds
  6 orc wizards
  4 worker ants
  An iguana (D:5)
  A hound skeleton (D:4)
  3 mummies (Ossuary)
  4 gnolls (D:6)
  6 adders
  An adder zombie (D:6)
  3 worms
  3 dart slugs
  2 leopard geckos (D:2)
  14 orcs
  7 bats
  4 giant cockroaches
  5 goblins
  11 hobgoblins
  4 quokkas
  A ball python (D:2)
  11 frilled lizards
  3 kobolds
  6 rats
136 creatures vanquished.

Vanquished Creatures (collateral kills)
  A worker ant (D:7)
1 creature vanquished.

Grand Total: 137 creatures vanquished

Notes
Turn   | Place    | Note
-------+----------+-------------------------------------------
     0 | D:1      | Darkshadow the Minotaur Berserker began the quest for the
                  | Orb.
     0 | D:1      | Reached XP level 1. HP: 19/19 MP: 0/0
   258 | D:1      | Reached XP level 2. HP: 26/27 MP: 1/1
   591 | D:1      | Reached skill level 4 in Maces & Flails
  1037 | D:2      | Reached XP level 3. HP: 33/33 MP: 2/2
  1051 | D:2      | Reached ** piety under Trog
  1188 | D:2      | Found a sparkling altar of Nemelex Xobeh.
  1748 | D:2      | Found a glowing silver altar of Zin.
  1852 | D:2      | Reached XP level 4. HP: 40/40 MP: 3/3
  2222 | D:3      | Reached skill level 5 in Maces & Flails
  2348 | D:3      | Found an ornate altar of the Wu Jian Council.
  2682 | D:4      | Noticed an ogre
  2809 | D:4      | Reached XP level 5. HP: 42/47 MP: 4/4
  2828 | D:4      | Reached *** piety under Trog
  2831 | D:4      | Found a staircase to the Ecumenical Temple.
  2978 | D:4      | Killed an ogre
  2978 | D:4      | Reached skill level 5 in Fighting
  2978 | D:4      | Reached skill level 6 in Maces & Flails
  2978 | D:4      | Reached XP level 6. HP: 56/56 MP: 5/5
  3285 | D:5      | Entered Level 5 of the Dungeon
  3427 | D:5      | Found Heceusy's Magic Scroll Emporium.
  3460 | D:5      | Reached skill level 7 in Maces & Flails
  3460 | D:5      | Reached skill level 5 in Armour
  3460 | D:5      | Reached XP level 7. HP: 54/62 MP: 6/6
  4105 | D:5      | Reached skill level 8 in Maces & Flails
  4619 | D:6      | Reached XP level 8. HP: 27/71 MP: 7/7
  4857 | D:6      | Found a shattered altar of Ashenzari.
  4957 | D:6      | Found a stormy altar of Qazlal.
  5176 | D:6      | Reached skill level 9 in Maces & Flails
  5721 | D:7      | Noticed a hippogriff
  5728 | D:7      | Killed a hippogriff
  5728 | D:7      | Reached **** piety under Trog
  5787 | D:7      | Found a sand-covered staircase.
  5798 | Ossuary  | Entered an ossuary
  6058 | Ossuary  | Reached skill level 10 in Maces & Flails
  6078 | Ossuary  | Paralysed by fainting for 12 turns
  6157 | Ossuary  | Reached XP level 9. HP: 39/81 MP: 8/8
  6463 | D:7      | Noticed Harold
  6493 | D:7      | HP: 3/81 [centaur/arrow (4)]
  6494 | D:7      | HP: 1/81 [Harold/+0 war axe (3)]
  6494 | D:7      | Slain by a centaur

Vault maps used:
D:1:      dpeg_arrival_prison
D:2:      lemuel_coloured_pillars_altar, overflow_temple_1_default, first_ration
D:3:      lemuel_crystal_altar
D:4:      minmay_temple_entry_glass
D:5:      serial_shops, shop
D:6:      grunt_qazlal_sundering, cheibrodos_ashenzari_chains
D:7:      grunt_dithmenos_smoke_and_mirrors, fedhas_altar_4,
          lemuel_crystal_altar, lightli_ossuary_entry_decrepit_ruins,
          uniq_harold
Ossuary:  ossuary_minmay_four_chambers

Skill      XL: |  1  2  3  4  5  6  7  8  9 |
---------------+----------------------------+-----
Maces & Flails | 4 5 6 7 8 10 | 10.8
Fighting       | 4 5 6 7 8 |  8.2
Armour         | 3 4 5 6 7 |  7.7
Dodging        | |  2.4

Action                   |  1- 3 |  4- 6 |  7- 9 || total
-------------------------+-------+-------+-------++-------
Melee: Mace              |    88 |    86 |   294 ||   468
       Headbutt          |     7 |    14 |    66 ||    87
Throw: Stone             |    11 |       |       ||    11
Invok: Berserk           |     1 |     1 |     4 ||     6
       Trog's Hand       |       |     1 |     1 ||     2
       Brothers in Arms  |       |       |     1 ||     1
  Use: Scroll            |       |     6 |     4 ||    10
  Eat: Chunk             |     3 |     6 |    10 ||    19
       Ration            |       |       |     1 ||     1
Armor: Animal skin       |    10 |       |       ||    10
       Scale mail        |    22 |     9 |       ||    31
       Chain mail        |       |    30 |    61 ||    91
       Plate armour      |       |       |   124 ||   124
Dodge: Dodged            |    62 |    46 |   102 ||   210

Table legend:
 A = Non-vault XP
 B = Vault XP
 C = Vault XP percentage of total XP
 D = Non-vault monster count
 E = Vault monster count
 F = Vault count percentage of total count
                 A         B        C        D         E       F
            +---------+---------+-------+---------+---------+-------
      Total |    2528 |     789 |  23.8 |     119 |      18 |  13.1
            +---------+---------+-------+---------+---------+-------
        D:1 |      35 |       3 |   7.9 |      20 |       3 |  13.0
        D:2 |      66 |       0 |   0.0 |      22 |       0 |   0.0
        D:3 |      53 |       0 |   0.0 |      15 |       0 |   0.0
        D:4 |     300 |       0 |   0.0 |       7 |       0 |   0.0
        D:5 |     724 |       0 |   0.0 |      20 |       0 |   0.0
        D:6 |     737 |       0 |   0.0 |      25 |       0 |   0.0
        D:7 |     613 |       0 |   0.0 |      10 |       0 |   0.0
    Ossuary |       0 |     786 | 100.0 |       0 |      15 | 100.0
            +---------+---------+-------+---------+---------+-------
